 Dungeon Crawl Stone Soup version 0.20.0-7-g3b7b877 (webtiles) character file.

312 Reborn the Chopper (level 6, -2/42 HPs)
             Began as an Octopode Fighter on May 29, 2017.
             Slain by a phantom (5 damage)
             ... on level 4 of the Dungeon.
             The game lasted 00:09:38 (3678 turns).

Reborn the Chopper (Octopode Fighter)               Turns: 3678, Time: 00:09:38

Health: -2/42      AC:  1    Str: 15    XL:     6   Next: 42%
Magic:  6/6        EV: 11    Int: 12    God:
Gold:   155        SH:  8    Dex: 12    Spells: 5/5 levels left

rFire    . . .     SeeInvis .   a - +0 war axe
rCold    . . .     Gourm    .   b - +0 shield
rNeg     . . .     Faith    .   (helmet restricted)
rPois    .         Spirit   .   (no amulet)
rElec    .         Reflect  .   (no ring)
rCorr    .         Harm     .   (no ring)
MR       .....                  (no ring)
Stlth    ++........             (no ring)
Regen    0.2/turn               (no ring)
MPRegen  0.1/turn               (no ring)
                                (no ring)
                                (no ring)

@: no status effects
A: almost no armour, stealthy swim, amphibious, 8 rings, constrict 8, camouflage
1, gelatinous body 1
a: no special abilities


You were on level 4 of the Dungeon.
You were hungry.

You visited 1 branch of the dungeon, and saw 4 of its levels.

You collected 155 gold pieces.

Inventory:

Hand Weapons
 a - a +0 war axe (weapon)
 o - a +0 hunting sling
 v - a -2 flail
Missiles
 f - 18 sling bullets
 k - 4 tomahawks (quivered)
Armour
 b - a +0 shield (worn)
Wands
 t - a wand of iceblast (7/15)
 u - a wand of confusion (20/48)
Scrolls
 h - 5 scrolls of identify
 j - a scroll of enchant weapon {unknown}
 l - a scroll of remove curse
 p - a scroll of fog
Potions
 c - a potion of might
 e - a potion of curing {unknown}
 g - a potion of heal wounds {unknown}
 m - 2 potions of lignification {unknown}
 q - a potion of cancellation {unknown}
 r - a potion of berserk rage {unknown}
Books
 s - a book of Callings

   Spells                             Type                      Level
   a - Summon Small Mammal            Summoning                    1
   b - Call Imp                       Summoning                    2
   c - Call Canine Familiar           Summoning                    3
   d - Summon Guardian Golem          Hexes/Summoning              3
   e - Summon Lightning Spire         Summoning/Air                4
   f - Summon Ice Beast               Ice/Summoning                4
Comestibles
 d - 2 bread rations
 i - 2 fruits
 n - 2 royal jellies
 w - a meat ration


   Skills:
 + Level 3.1 Fighting
 + Level 6.4 Axes
 + Level 3.0 Dodging
 + Level 3.1 Shields


You had 5 spell levels left.
You didn't know any spells.

Dungeon Overview and Level Annotations

Branches:
Dungeon (4/15)
 Temple: D:4-7

Altars:


Innate Abilities, Weirdness & Mutations

You cannot wear most types of armour.
You are very stealthy in the water. (Stealth+)
You are amphibious.
You can wear up to eight rings at the same time.
You can use your tentacles to constrict eight enemies at once.
Your skin changes colour to match your surroundings (Stealth+).
Your rubbery body absorbs attacks. (AC +1, EV +1)


Message History

The phantom blinks!
The phantom blinks!
The phantom blinks!
The phantom misses you.
You closely miss the phantom.
The phantom is almost destroyed.
The phantom hits you!
* * * LOW HITPOINT WARNING * * *
You barely miss the phantom.
The phantom is almost destroyed.
The phantom closely misses you.
You hit the phantom but do no damage.
The phantom is severely damaged.
The phantom hits you but does no damage.
The phantom hits you.
* * * LOW HITPOINT WARNING * * *
You barely miss the phantom.
The phantom is severely damaged.
The phantom hits you.
You die...

#####.####...........
#.# #.......##.# #.#
#.......##.. ##.#
#.......##.. #..#
#........... #.##
#.......#...
#####.#####.......####
##...#.............#
##.....@W..##.......#
#...........#.......#
#...........#########
#...........#
##.########## #. ##>##
#. 8...8# #. #.....#
#. .....8#


You could see a phantom.

Vanquished Creatures
  A bullfrog (D:3)
  An orc priest (D:3)
  A worker ant (D:4)
  4 adders
  4 gnolls
  An ooze (D:1)
  An adder skeleton (D:4)
  5 dart slugs
  A leopard gecko (D:2)
  12 orcs
  9 bats
  3 giant cockroaches
  8 goblins
  8 hobgoblins
  13 jackals
  13 kobolds
  3 ball pythons (D:3)
  A frilled lizard (D:2)
  A leopard gecko skeleton (D:4)
  4 rats
94 creatures vanquished.

Notes
Turn   | Place    | Note
-------+----------+-------------------------------------------
     0 | D:1      | Reborn the Octopode Fighter began the quest for the Orb.
     0 | D:1      | Reached XP level 1. HP: 16/16 MP: 1/1
    52 | D:1      | Reached XP level 2. HP: 12/21 MP: 2/2
   352 | D:1      | Reached skill level 3 in Axes
   424 | D:1      | Reached XP level 3. HP: 18/26 MP: 3/3
  1109 | D:2      | Reached skill level 4 in Axes
  1292 | D:2      | Reached XP level 4. HP: 28/31 MP: 4/4
  1959 | D:3      | Reached skill level 5 in Axes
  1959 | D:3      | Reached XP level 5. HP: 19/36 MP: 5/5
  2595 | D:2      | Reached skill level 6 in Axes
  2762 | D:2      | Reached XP level 6. HP: 39/42 MP: 6/6
  3524 | D:4      | Noticed a phantom
  3678 | D:4      | Slain by a phantom

Skill      XL: |  1  2  3  4  5 |
---------------+----------------+-----
Axes           | 3 4 5 6 |  6.4
Fighting       | |  3.1
Dodging        | |  3.0
Shields        | |  3.1

Action                   |  1- 3 |  4- 6 || total
-------------------------+-------+-------++-------
Melee: War axe           |    79 |   119 ||   198
       Constrict         |    23 |    36 ||    59
       Tentacles         |     9 |    18 ||    27
       Flail             |       |    10 ||    10
Evoke: Wand              |       |     1 ||     1
  Use: Scroll            |       |     5 ||     5
 Stab: Distracted        |     1 |       ||     1
       Sleeping          |     5 |     5 ||    10
  Eat: Chunk             |     1 |     7 ||     8
Armor: Skin              |     7 |     5 ||    12
Dodge: Dodged            |    37 |    64 ||   101
Block: Shield            |    39 |    52 ||    91
